 Dungeon Crawl Stone Soup version 0.26-a0-812-g31a745ddcd (webtiles) character file.

Game seed: 17169208177413762194

404790 tilp the Hand of Fortune (level 23, -1/183 HPs)
             Began as a Gnoll Delver on Dec 2, 2020.
             Was the Champion of Nemelex Xobeh.
             Killed from afar by a deep elf sorcerer (28 damage)
             ... with a bolt of acid
             ... on level 3 of the Elven Halls.
             The game lasted 02:18:47 (75240 turns).

tilp the Hand of Fortune (Gnoll Delver)            Turns: 75240, Time: 02:18:47

Health: -1/183     AC: 24    Str: 21    XL:     23   Next: 38%
Magic:  0/41       EV: 21    Int: 17    God:    Nemelex Xobeh [******]
Gold:   1779       SH: 16    Dex: 22    Spells: 24/51 levels left

rFire    + + .     SeeInvis .   a - +5 broad axe (flame)
rCold    . . .     Faith    .   k - +2 kite shield {reflect}
rNeg     + . .     Spirit   +   j - +2 fire dragon scales
rPois    .         Reflect  +   q - +3 helmet of Undesirable Species {rN+}
rElec    .         Harm     .   V - +2 cloak {MR+}
rCorr    .         Rampage  .   L - +2 pair of gloves {archery}
MR       +++++                  M - +0 pair of boots of Shielding {MR++}
Stlth    ++++++....             Z - amulet "Xecall" {Spirit rF+ Int-2 Dex+2}
HPRegen  0.00/turn              C - ring of the Sixty-Six Heavens {rF- rC+ MR++ Str+6 Stlth+}
MPRegen  0.27/turn              U - +4 ring of slaying

@: corroded, non-regenerating, diseased, slowed, studying Invocations, drained,
very slow
A: distributed training, fangs 1, mutation resistance 1, strong nose
}: 2/15 runes: decaying, barnacled
a: Draw Escape, Draw Destruction, Draw Summoning, Triple Draw, Deal Four, Stack
Five, Renounce Religion


You were on level 3 of the Elven Halls.
You worshipped Nemelex Xobeh.
Nemelex Xobeh was exalted by your worship.
You visited 8 branches of the dungeon, and saw 39 of its levels.
You also visited: Ice Cave.

You collected 5764 gold pieces.
You spent 3985 gold pieces at shops.

Inventory:

Hand Weapons
 a - a +5 broad axe of flaming (weapon)
 b - a +3 broad axe of freezing
Missiles
 z - 22 silver javelins
 E - 66 javelins (quivered)
 J - 8 throwing nets
Armour
 j - +2 fire dragon scales (worn)
 k - a +2 kite shield of reflection (worn)
 o - a +2 pair of boots of stealth
 q - the +3 helmet of Undesirable Species (worn) {rN+}
   (You acquired it on level 10 of the Dungeon)

   It protects you from negative energy.
 u - a +2 helmet of intelligence
 w - a +0 tower shield
 L - a +2 pair of gloves of archery (worn)
 M - the +0 pair of boots of Shielding (worn) {MR++}
   (You bought it in a shop on level 9 of the Dungeon)

   It affects your resistance to hostile enchantments.
 V - a +2 cloak of magic resistance (worn)
Jewellery
 p - an uncursed ring of protection from cold
 C - the ring of the Sixty-Six Heavens (left hand) {rF- rC+ MR++ Str+6 Stlth+}
   (You found it on level 5 of the Dungeon)

   [ring of strength]

   It affects your strength (+6).
   It makes you vulnerable to fire.
   It protects you from cold.
   It affects your resistance to hostile enchantments.
   It makes you more stealthy.
 K - the ring of Imoq {+Fly rN+ Str+2 SInv}
   (You acquired it on level 2 of the Lair of Beasts)

   [ring of see invisible]

   It affects your strength (+2).
   It protects you from negative energy.
   It lets you see invisible.
   It lets you fly.
 T - an uncursed ring of poison resistance
 U - a +4 ring of slaying (right hand)
 W - an uncursed amulet of reflection
 Z - the amulet "Xecall" (around neck) {Spirit rF+ Int-2 Dex+2}
   (You found it on level 6 of the Lair of Beasts)

   [amulet of guardian spirit]

   It causes incoming damage to be split between your health and magic.
   It affects your intelligence (-2).
   It affects your dexterity (+2).
   It protects you from fire.
Wands
 g - a wand of digging (16)
 s - a wand of polymorph (7)
 x - a wand of iceblast (32)
 A - a wand of flame (52)
 B - a wand of paralysis (28)
Scrolls
 c - 9 scrolls of fog
 e - 8 scrolls of fear
 h - 9 scrolls of amnesia
 l - 27 scrolls of remove curse
 y - a scroll of blinking
 G - 7 scrolls of magic mapping
 P - a scroll of summoning
 Q - 19 scrolls of identify
 R - a scroll of brand weapon
 S - 2 scrolls of silence
 X - 12 scrolls of teleportation
Potions
 d - 6 potions of brilliance
 f - 5 potions of haste
 i - 12 potions of curing
 m - 3 potions of resistance
 n - 8 potions of invisibility
 r - 4 potions of cancellation
 t - 2 potions of berserk rage
 D - 6 potions of heal wounds
 F - 4 potions of mutation
 H - 7 potions of magic
 N - 4 potions of might
Books
 O - a manual of Invocations
Miscellaneous
 I - a tin of tremorstones (2/2)
 Y - a lightning rod (4/4)


   Skills:
 + Level 15.7(14.4) Fighting
 + Level 14.6(13.3) Short Blades
 + Level 14.6(13.3) Long Blades
 + Level 14.6(13.3) Axes
 + Level 15.2(13.9) Maces & Flails
 + Level 14.6(13.3) Polearms
 + Level 14.6(13.3) Staves
 + Level 14.6(13.3) Slings
 + Level 14.6(13.3) Bows
 + Level 14.6(13.3) Crossbows
 + Level 14.6(13.3) Throwing
 + Level 14.6(13.3) Armour
 + Level 15.2(13.9) Dodging
 + Level 16.8(15.4) Stealth
 + Level 14.6(13.3) Shields
 + Level 14.6(13.3) Unarmed Combat
 + Level 14.6(13.3) Spellcasting
 + Level 12.6(11.3) Conjurations
 + Level 12.6(11.3) Hexes
 + Level 12.6(11.3) Summonings
 + Level 12.6(11.3) Necromancy
 + Level 12.6(11.3) Translocations
 + Level 12.6(11.3) Transmutations
 + Level 12.6(11.3) Fire Magic
 + Level 12.6(11.3) Ice Magic
 + Level 12.6(11.3) Air Magic
 + Level 12.6(11.3) Earth Magic
 + Level 12.6(11.3) Poison Magic
 + Level 20.6(19.1) Invocations
 + Level 14.6(13.3) Evocations


You had 24 spell levels left.
You knew the following spells:

 Your Spells              Type           Power        Failure   Level
a - Frozen Ramparts       Ice            ######       1%          3
b - Ozocubu's Armour      Ice            ######..     1%          3
c - Ensorcelled Hibernat  Hex/Ice        ######       1%          2
d - Tukima's Dance        Hex            ######..     1%          3
e - Passwall              Tmut/Erth      ######..     1%          2
f - Corona                Hex            ######.      1%          1
g - Slow                  Hex            ######..     1%          2
h - Cause Fear            Hex            ######....   1%          4
i - Petrify               Tmut/Erth      ######..     1%          4
j - Lesser Beckoning      Tloc           ######....   1%          3

Your spell library contained the following spells:

 Spells                   Type           Power        Failure   Level
 Animate Skeleton         Necr           ######       1%          1
 Beastly Appendage        Tmut           ######       1%          1
 Freeze                   Ice            ####         1%          1
 Magic Dart               Conj           ####         1%          1
 Pain                     Necr           ####         1%          1
 Sandblast                Erth           ######       1%          1
 Summon Small Mammal      Summ           ####         1%          1
 Call Imp                 Summ           ######..     1%          2
 Corpse Rot               Necr/Air       N/A          1%          2
 Searing Ray              Conj           ######       1%          2
 Wereblood                Tmut           ######..     1%          2
 Call Canine Familiar     Summ           ######..     1%          3
 Confusing Touch          Hex            ######..     1%          3
 Dazzling Flash           Conj/Hex       ######       1%          3
 Ignite Poison            Fire/Tmut/Pois ######..     1%          3
 Inner Flame              Hex/Fire       ######..     1%          3
 Portal Projectile        Hex/Tloc       ######       1%          3
 Spider Form              Tmut/Pois      ######....   1%          3
 Stone Arrow              Conj/Erth      ######       1%          3
 Summon Guardian Golem    Hex/Summ       ######..     1%          3
 Vampiric Draining        Necr           ######....   1%          3
 Animate Dead             Necr           ######....   1%          4
 Dispel Undead            Necr           ######..     1%          4
 Fulminant Prism          Conj/Hex       ######....   1%          4
 Hailstorm                Conj/Ice       ######..     1%          4
 Ice Form                 Ice/Tmut       ######..     1%          4
 Iskenderun's Mystic Bla  Conj/Tloc      ######..     1%          4
 Leda's Liquefaction      Hex/Erth       ######....   1%          4
 Summon Ice Beast         Ice/Summ       ######..     1%          4
 Summon Lightning Spire   Summ/Air       ######..     1%          4
 Agony                    Necr           ######..     4%          5
 Blade Hands              Tmut           ######....   4%          5
 Fireball                 Conj/Fire      ######....   4%          5
 Lee's Rapid Deconstruct  Erth           ######....   4%          5
 Starburst                Conj/Fire      ######....   26%         6
 Ignition                 Fire           ######....   100%        8


Dungeon Overview and Level Annotations

Branches:
Dungeon (15/15)            Temple (1/1) D:4            Lair (6/6) D:11
  Swamp (4/4) Lair:4       Shoals (4/4) Lair:3        Slime (0/5) Lair:5
    Orc (2/2) D:11            Elf (3/3) Orc:2        Vaults (4/5) D:13
  Crypt (0/3) Vaults:2     Depths (0/5) D:15          IceCv (visited)

Altars:
Ashenzari
Cheibriados
Elyvilon
Fedhas
Hepliaklqana
Makhleb
Nemelex Xobeh
Okawaru
Sif Muna
Trog
Uskayaw
Vehumet
Wu Jian
Xom
Zin
The Shining One
Beogh
Jiyva

Shops:
D:8 [   D:9 [   D:11 :   D:13 [   Orc:2 (?}(   Elf:1 !   Elf:3 *   Shoals:4 }
Vaults:1 [   Vaults:3 *

Annotations:
Elf:2 3 runed translucent doors
Vaults:3 3 runed translucent doors, Diggohao's ghost, adept DrWn


Innate Abilities, Weirdness & Mutations

Your experience applies equally to all skills.
You have very sharp teeth.
Your uncanny sense of smell can sniff out nearby items.
You are somewhat resistant to further mutation.


Message History

* * * LOW HITPOINT WARNING * * *
The deep elf sorcerer misses you.
The Tzitzimitl calls on the powers of darkness!
The deep elf death mage convulses!
Your body is wracked with pain!
* * * LOW HITPOINT WARNING * * *
The deep elf sorcerer convulses!
The deep elf death mage points at you and mumbles some strange words.
The bolt of negative energy hits you. You partially resist.
You feel drained.
* * * LOW HITPOINT WARNING * * *
You feel much better.
The deep elf sorcerer hits you with the +8 broad axe of Xonlanka {vorpal, *Slow rElec rPois}!
* * * LOW HITPOINT WARNING * * *
x2 The Tzitzimitl gestures at you.
The bolt of negative energy hits you! You partially resist.
You feel drained.
* * * LOW HITPOINT WARNING * * *
You block the Tzitzimitl's attack. x2
The deep elf sorcerer points at you and mumbles some strange words.
The bolt of acid hits you!!
You die...
Your body glows with a rainbow of weird colours and disappears.

**********######*
*,*,,,,,,∆∆.}.|.##
,,*,,,,,,∆,∆.)..:##
,,*,,,,,,,∆,∆}.|(|##
,,***********∆)...[##
,+*,,,,,,,)##*,.e()(#
,*,,,,,,,,...#*#1e).#
**,,,,,,,,....*#@e.|#
****,,,,,,.....##...#
,,,**,,,,,.....###'.#
,,,,**,,,,........#.#
,,,,,**,,,........###
,,,,,,**,,........#
,...........⌠.....##
,..................##
,.(.................#


You could see a Tzitzimitl (summoned), a deep elf death mage, a deep elf
sorcerer (fast) and a ghostly deep elf demonologist.

Vanquished Creatures
  A bone dragon (Vaults:2)
  Jorgrun (D:14)
  A lich (Vaults:4)
  2 deep elf blademasters (Elf:3)
  2 deep elf master archers (Elf:3)
  A kraken (Shoals:4)
  Kirke (Shoals:1)
  Frances (D:14)
  A thorn hunter (Swamp:4)
  A fire giant (Vaults:2)
  7 deep elf sorcerers
  4 frost giants
  13 vault wardens
  An orc warlord (Orc:2)
  A ghost moth (Vaults:2)
  5 deep elf elementalists
  The ghost of kae the Grappler, a journeyman DrTm of Ru (Lair:5)
  6 very ugly things
  9 ironheart preservers
  An entropy weaver (Vaults:1)
  5 deep elf demonologists
  5 stone giants
  3 bunyips
  A spark wasp (Shoals:3)
  Azrael (D:14)
  A minotaur (Swamp:2)
  5 deep elf annihilators (Elf:3)
  2 merfolk javelineers (Shoals:4)
  A blizzard demon (IceCv)
  4 deep elf death magi (Elf:3)
  9 merfolk impalers
  6 eleionomae
  5 yaktaur captains
  3 fire dragons
  A great orb of eyes (Vaults:2)
  A rakshasa (D:15)
  26 hydras
  Harold (D:7)
  2 shambling mangroves (Swamp:4)
  8 vault guards
  A deep elf high priest (Elf:3)
  5 ice dragons
  3 merfolk avatars
  4 boulder beetles
  8 centaur warriors
  An alligator snapping turtle (Shoals:4)
  A death knight (Vaults:1)
  2 ghost crabs
  10 death yaks
  The ghost of Megustar the Cleaver, a journeyman GrBe of Trog (D:11)
  8 dancing weapons
  A deep troll shaman (Vaults:3)
  9 ogre magi
  2 alligators
  A catoblepas (Lair:6)
  6 merfolk aquamancers
  2 satyrs
  A tengu warrior (D:14)
  28 two-headed ogres
  4 goliath frogs
  Nergalle (Lair:1)
  An orc high priest (Elf:1)
  17 deep elf knights
  6 skeletal warriors (Vaults:1)
  25 deep elf archers
  8 sea snakes
  4 wizards
  A glowing orange brain (D:15)
  4 deep trolls (Vaults:3)
  11 bog bodies
  3 flayed ghosts
  14 harpies
  7 swamp dragons
  3 spriggan druids
  2 unseen horrors
  A necromancer (Vaults:4)
  12 ironbrand convokers
  16 orc knights
  6 wolf spiders
  26 ugly things
  11 manticores
  6 orc sorcerers
  51 deep elf magi
  11 fauns
  9 cyclopes
  4 will-o-the-wisps
  2 moths of wrath
  15 vault sentinels
  2 ice statues (IceCv)
  10 merfolk sirens
  4 black mambas
  4 elephants (Lair:6)
  A frost giant skeleton (Vaults:4)
  6 torpor snails
  7 water nymphs
  13 cane toads
  A kobold demonologist (D:14)
  2 rime drakes
  A gargoyle (D:15)
  Maggie (D:6)
  6 freezing wraiths
  14 komodo dragons
  13 ice devils (IceCv)
  5 harpy zombies (Shoals:1)
  11 trolls
  36 yaktaurs
  A queen bee (shapeshifter) (Vaults:1)
  A troll (shapeshifter) (D:15)
  8 hornets
  4 polar bears
  A tengu conjurer (D:14)
  9 tyrant leeches
  7 wind drakes
  9 blink frogs
  15 merfolk
  Grinder (D:5)
  8 snapping turtles
  24 slime creatures
  A slime creature (shapeshifter) (Vaults:2)
  19 dream sheep
  A dream sheep (shapeshifter) (D:15)
  A blink frog (shapeshifter) (D:15)
  A fire giant simulacrum (Vaults:4)
  A meliai zombie (D:15)
  A vampire (D:15)
  8 wraiths
  3 air elementals
  5 shadows
  A tarantella (Vaults:1)
  2 redbacks (Vaults:1)
  2 redbacks (shapeshifter)
  5 spriggans
  12 water elementals
  61 yaks
  5 fire elementals
  6 wyverns
  4 hogs (Shoals:1)
  A steam dragon (Lair:3)
  8 basilisks
  A golden eye (shapeshifter) (Vaults:2)
  A hog (shapeshifter) (Vaults:4)
  Menkaure (D:7)
  15 swamp worms
  13 vampire mosquitoes
  12 wargs
  A soldier ant (shapeshifter) (Vaults:3)
  An acid dragon (shapeshifter) (D:15)
  Duvessa (D:5)
  2 acid dragons
  13 water moccasins
  3 hell hounds
  A swamp drake (shapeshifter) (Elf:1)
  10 swamp drakes
  A manticore zombie (Shoals:1)
  65 orc warriors
  5 sky beasts
  5 ice beasts
  5 black bears
  A necrophage (D:11)
  3 eyes of draining
  An eye of draining (shapeshifter) (D:15)
  2 phantoms
  37 ogres
  A boggart (Elf:1)
  25 wolves
  14 centaurs
  2 big kobolds (D:11)
  2 earth elementals (Elf:2)
  2 wyvern zombies
  21 bullfrogs
  Dowan (D:5)
  2 wyvern skeletons
  6 scorpions
  13 killer bees
  20 wights
  5 howler monkeys
  An electric eel (Lair:1)
  4 hounds
  A human simulacrum (Vaults:4)
  A bullfrog zombie (D:12)
  18 orc priests
  3 bullfrog skeletons
  5 centaur zombies
  A gnoll shaman (D:9)
  2 jellies
  3 centaur skeletons
  5 iguanas
  9 worker ants
  Natasha (thrice) (D:3)
  28 orc wizards
  A statue (D:7)
  2 centaur simulacra
  A hound zombie (D:9)
  4 hound skeletons
  A worker ant zombie (D:8)
  2 howler monkey zombies
  6 gnolls
  8 adders
  3 shadow imps
  6 white imps
  6 ufetubi
  An ooze (Orc:2)
  2 adder skeletons
  2 worms
  4 dart slugs
  11 leopard geckos
  113 orcs
  A bat zombie (Shoals:1)
  9 giant cockroaches
  9 goblins
  14 hobgoblins
  33 jackals
  16 kobolds
  11 quokkas
  5 ball pythons
  8 bats
  6 frilled lizards
  A leopard gecko skeleton (D:6)
  A leopard gecko zombie (D:9)
  A quokka skeleton (D:4)
  A quokka zombie (D:6)
  9 rats
  4 briar patches (Swamp:4)
  2 crawling corpses (Elf:3)
  3 tentacles (Shoals:4)
1603 creatures vanquished.

Vanquished Creatures (collateral kills)
  Mara (Vaults:4)
  The ghost of Norharag the Warrior, an adept HuBe of Trog (Vaults:4)
  Rupert (D:12)
  Polyphemus (Shoals:4)
  An orc warlord (Orc:1)
  A frost giant (Vaults:4)
  A bunyip (Lair:5)
  A merfolk javelineer (Shoals:4)
  A hydra (Swamp:4)
  A vault guard (Vaults:3)
  A catoblepas (Shoals:4)
  A merfolk aquamancer (Shoals:4)
  9 death yaks
  A deep troll shaman (Lair:6)
  A merfolk avatar (Shoals:3)
  A wizard (D:10)
  2 sea snakes
  2 swamp dragons (Swamp:4)
  2 deep elf magi
  A manticore (Shoals:4)
  An ugly thing (D:12)
  A merfolk siren (Shoals:3)
  A komodo dragon (Lair:6)
  5 merfolk
  A wind drake (Shoals:3)
  Prince Ribbit (D:6)
  A snapping turtle (Shoals:3)
  A swamp drake (Swamp:4)
  An ogre (D:10)
  A leopard gecko (D:10)
45 creatures vanquished.

Vanquished Creatures (others)
  A bunyip (Orc:2)
  A deep elf high priest (Elf:3)
  2 merfolk aquamancers (Shoals:4)
  A deep elf mage (Elf:2)
  A bloated husk (Swamp:2)
  A boggart (Elf:1)
  An ogre (Vaults:4)
  8 white imps (IceCv)
  2 ufetubi (IceCv)
  18 foxfires
  39 fungi
  128 plants
  A tentacle (Shoals:4)
204 creatures vanquished.

Grand Total: 1852 creatures vanquished

Notes
Turn   | Place    | Note
-------+----------+-------------------------------------------
     0 | D:5      | tilp the Gnoll Delver began the quest for the Orb.
     0 | D:5      | Reached XP level 1. HP: 23/23 MP: 1/1
    23 | D:5      | Found a sparkling altar of Nemelex Xobeh.
    30 | D:5      | Became a worshipper of Nemelex Xobeh the Trickster
    94 | D:3      | Reached XP level 2. HP: 27/29 MP: 2/2
   546 | D:3      | Noticed a +0 dagger
   547 | D:3      | Noticed a +0 hand axe
   565 | D:2      | Found a glowing silver altar of Zin.
   569 | D:2      | Reached XP level 3. HP: 35/35 MP: 3/3
   636 | D:2      | Reached skill level 1 in Invocations
   824 | D:2      | Reached skill level 1 in Short Blades
   824 | D:2      | Reached skill level 1 in Long Blades
   824 | D:2      | Reached skill level 1 in Axes
   824 | D:2      | Reached skill level 1 in Polearms
   824 | D:2      | Reached skill level 1 in Staves
   824 | D:2      | Reached skill level 1 in Slings
   824 | D:2      | Reached skill level 1 in Bows
   824 | D:2      | Reached skill level 1 in Crossbows
   824 | D:2      | Reached skill level 1 in Throwing
   824 | D:2      | Reached skill level 1 in Armour
   824 | D:2      | Reached skill level 1 in Shields
   824 | D:2      | Reached skill level 1 in Unarmed Combat
   824 | D:2      | Reached skill level 1 in Spellcasting
   824 | D:2      | Reached skill level 1 in Evocations
   906 | D:2      | Reached XP level 4. HP: 41/41 MP: 5/5
   949 | D:1      | Reached * piety under Nemelex Xobeh
  1431 | D:1      | Reached skill level 1 in Conjurations
  1431 | D:1      | Reached skill level 1 in Hexes
  1431 | D:1      | Reached skill level 1 in Summonings
  1431 | D:1      | Reached skill level 1 in Necromancy
  1431 | D:1      | Reached skill level 1 in Translocations
  1431 | D:1      | Reached skill level 1 in Transmutations
  1431 | D:1      | Reached skill level 1 in Fire Magic
  1431 | D:1      | Reached skill level 1 in Ice Magic
  1431 | D:1      | Reached skill level 1 in Air Magic
  1431 | D:1      | Reached skill level 1 in Earth Magic
  1431 | D:1      | Reached skill level 1 in Poison Magic
  1968 | D:2      | Received a gift from Nemelex Xobeh
  2259 | D:2      | Reached XP level 5. HP: 47/47 MP: 6/6
  2449 | D:3      | Noticed Natasha
  2457 | D:3      | Killed Natasha
  2464 | D:3      | Found a hide-covered altar of Uskayaw.
  2471 | D:3      | Noticed Natasha
  2491 | D:3      | Killed Natasha
  2718 | D:3      | Noticed Natasha
  2733 | D:3      | Killed Natasha
  2733 | D:3      | Reached XP level 6. HP: 50/53 MP: 8/8
  2778 | D:3      | Found a blossoming altar of Fedhas.
  2781 | D:3      | Found a shimmering altar of Xom.
  2781 | D:3      | Found a white marble altar of Elyvilon.
  2782 | D:3      | Found a broken altar of Ashenzari.
  2792 | D:3      | Reached skill level 2 in Invocations
  2925 | D:3      | Found an iron altar of Okawaru.
  3205 | D:4      | Reached skill level 5 in Maces & Flails
  3205 | D:4      | Reached skill level 5 in Dodging
  3319 | D:4      | Reached ** piety under Nemelex Xobeh
  3498 | D:4      | Reached XP level 7. HP: 51/59 MP: 10/10
  3921 | D:4      | Found a glowing golden altar of the Shining One.
  4055 | D:4      | Found a staircase to the Ecumenical Temple.
  4248 | D:5      | Noticed Dowan
  4474 | D:5      | Reached skill level 3 in Invocations
  4670 | D:5      | Noticed Duvessa
  4708 | D:5      | Got a pitted bronze ring
  5007 | D:6      | Reached skill level 10 in Stealth
  5053 | D:6      | Noticed Grinder
  5080 | D:5      | Paralysed by Grinder for 2 turns
  5102 | D:6      | Noticed Maggie
  5118 | D:6      | Reached XP level 8. HP: 54/67 MP: 12/12
  5124 | D:6      | Killed Maggie
  5747 | D:6      | Noticed Prince Ribbit
  5761 | D:6      | Killed Prince Ribbit
  5779 | D:6      | Received a gift from Nemelex Xobeh
  5786 | D:6      | Reached skill level 4 in Invocations
  6060 | D:6      | Reached XP level 9. HP: 56/72 MP: 14/14
  6271 | D:6      | Found a shimmering blue altar of Sif Muna.
  6273 | D:6      | Found a shimmering altar of Xom.
  6273 | D:6      | Found a white marble altar of Elyvilon.
  6275 | D:6      | Found a glowing silver altar of Zin.
  6275 | D:6      | Found a hazy altar of Hepliaklqana.
  6275 | D:6      | Found a blossoming altar of Fedhas.
  6275 | D:6      | Reached *** piety under Nemelex Xobeh
  6373 | D:6      | Identified the ring of the Sixty-Six Heavens {rF- rC+ MR++
                  | Str+6 Stlth+} (You found it on level 5 of the Dungeon)
  6442 | D:7      | Noticed Menkaure
  6924 | D:7      | Killed Menkaure
  6929 | D:7      | Noticed Harold
  6949 | D:7      | HP: 1/74 [orc priest/divine providence (13)]
  7437 | D:7      | Reached skill level 5 in Invocations
  7635 | D:7      | Found a runed translucent door.
  7635 | D:7      | Found a runed translucent door.
  7635 | D:7      | Noticed a komodo dragon
  7894 | D:7      | Reached XP level 10. HP: 72/80 MP: 17/17
  7984 | D:7      | Killed Harold
  7984 | D:7      | Reached skill level 5 in Short Blades
  7984 | D:7      | Reached skill level 5 in Long Blades
  7984 | D:7      | Reached skill level 5 in Axes
  7984 | D:7      | Reached skill level 5 in Polearms
  7984 | D:7      | Reached skill level 5 in Staves
  7984 | D:7      | Reached skill level 5 in Slings
  7984 | D:7      | Reached skill level 5 in Bows
  7984 | D:7      | Reached skill level 5 in Crossbows
  7984 | D:7      | Reached skill level 5 in Throwing
  7984 | D:7      | Reached skill level 5 in Armour
  7984 | D:7      | Reached skill level 5 in Shields
  7984 | D:7      | Reached skill level 5 in Unarmed Combat
  7984 | D:7      | Reached skill level 5 in Spellcasting
  7984 | D:7      | Reached skill level 5 in Evocations
  8138 | D:7      | Found a radiant altar of Vehumet.
  8568 | Temple   | Entered the Ecumenical Temple
  8757 | D:8      | Received a gift from Nemelex Xobeh
  8810 | D:8      | Found an ornate altar of the Wu Jian Council.
  9174 | D:8      | Found Rassofri's Antique Armour Emporium.
  9196 | D:8      | Bought a pair of gloves for 157 gold pieces
  9291 | D:8      | Reached skill level 6 in Invocations
  9369 | D:8      | Reached **** piety under Nemelex Xobeh
  9556 | D:8      | Noticed a two-headed ogre
  9578 | D:8      | Killed a two-headed ogre
 11133 | D:9      | Reached skill level 7 in Invocations
 11199 | D:9      | Reached XP level 11. HP: 87/87 MP: 19/19
 11212 | D:9      | Found a burning altar of Makhleb.
 11547 | D:9      | Reached skill level 5 in Conjurations
 11547 | D:9      | Reached skill level 5 in Hexes
 11547 | D:9      | Reached skill level 5 in Summonings
 11547 | D:9      | Reached skill level 5 in Necromancy
 11547 | D:9      | Reached skill level 5 in Translocations
 11547 | D:9      | Reached skill level 5 in Transmutations
 11547 | D:9      | Reached skill level 5 in Fire Magic
 11547 | D:9      | Reached skill level 5 in Ice Magic
 11547 | D:9      | Reached skill level 5 in Air Magic
 11547 | D:9      | Reached skill level 5 in Earth Magic
 11547 | D:9      | Reached skill level 5 in Poison Magic
 11734 | D:9      | Found Zepyew's Armour Shop.
 11737 | D:9      | Bought a +2 cloak of magic resistance for 322 gold pieces
 11835 | D:10     | Entered Level 10 of the Dungeon
 11850 | D:10     | Received a gift from Nemelex Xobeh
 11867 | D:10     | Killed an unseen horror
 11976 | D:10     | Paralysed by a hornet for 2 turns
 12169 | D:10     | Noticed a wizard
 12332 | D:10     | Killed a wizard
 12332 | D:10     | Reached skill level 8 in Invocations
 12741 | D:10     | Identified a scroll of acquirement
 12741 | D:10     | Acquired the +3 helmet of Undesirable Species {rN+}
 12804 | D:11     | Received a gift from Nemelex Xobeh
 12828 | D:11     | Found a staircase to the Orcish Mines.
 12941 | D:11     | Received a gift from Nemelex Xobeh
 12958 | D:11     | Noticed a seven-headed hydra
 12962 | D:11     | Killed a seven-headed hydra
 12990 | D:11     | Got a slimy robe
 13057 | D:11     | Reached ***** piety under Nemelex Xobeh
 13065 | D:11     | Found a bloodstained altar of Trog.
 13065 | D:11     | Noticed Megustar's ghost (journeyman GrBe)
 13065 | D:11     | Noticed a cyclops
 13065 | D:11     | Noticed a moth of wrath
 13066 | D:11     | Noticed a two-headed ogre
 13067 | D:11     | Found a transporter.
 13093 | D:11     | Identified the +8 halberd of Disintegration {antimagic, rF+
                  | Str+4}
 13199 | D:11     | Found a transporter.
 13475 | D:11     | Received a gift from Nemelex Xobeh
 13507 | D:11     | Noticed Josephine
 13521 | D:11     | Noticed Josephine
 13521 | D:11     | Josephine changed into Josephine the cyclops
 13526 | D:11     | Killed Josephine the cyclops
 13526 | D:11     | Reached skill level 9 in Invocations
 13526 | D:11     | Reached XP level 12. HP: 96/96 MP: 22/22
 13691 | D:11     | Paralysed by a hornet for 1 turns
 13694 | D:11     | Paralysed by a hornet for 1 turns
 13928 | D:11     | Found a staircase to the Lair.
 13965 | D:11     | Found Koiruc's Book Shop.
 14024 | D:11     | Identified the +1 robe of Nedgh {Dex+2} (You found it on
                  | level 11 of the Dungeon)
 14138 | D:9      | Bought a +2 pair of boots of stealth for 322 gold pieces
 14341 | D:5      | Killed Duvessa
 14343 | D:5      | Killed Dowan
 14465 | D:5      | Identified the +0 quarterstaff of the Neverending Seas
                  | {vorpal, rElec rF+ MR+ Dex+2 SInv}
 14474 | D:5      | Killed Grinder
 14608 | Lair:1   | Entered Level 1 of the Lair of Beasts
 14868 | Lair:1   | Received a gift from Nemelex Xobeh
 15592 | Lair:1   | Noticed Nergalle
 15621 | Lair:1   | Killed Nergalle
 15744 | Lair:1   | Received a gift from Nemelex Xobeh
 16450 | Lair:1   | Reached skill level 10 in Invocations
 16778 | Lair:2   | Reached skill level 10 in Fighting
 17092 | Lair:2   | Received a gift from Nemelex Xobeh
 17190 | Lair:2   | Got a smelly plate armour
 17636 | Lair:2   | Acquired the ring of Imoq {+Fly rN+ Str+2 SInv}
 17787 | Lair:3   | Received a gift from Nemelex Xobeh
 17818 | Lair:3   | Reached XP level 13. HP: 5/103 MP: 24/24
 17818 | Lair:3   | HP: 5/103 [poisoned by a water moccasin]
 17824 | Lair:3   | HP: 4/103 [poisoned by a water moccasin]
 17832 | Lair:3   | HP: 5/103 [poisoned by a water moccasin]
 18708 | Lair:3   | Reached skill level 11 in Invocations
 18873 | Lair:3   | Received a gift from Nemelex Xobeh
 18928 | Lair:3   | Noticed a bunyip
 18928 | Lair:3   | a six-headed hydra changed into a bunyip
 18931 | Lair:3   | Killed a bunyip
 19057 | Lair:3   | Found a staircase to the Shoals.
 19079 | Lair:3   | Identified the +1 plate armour of Okawaru's Inspiration
                  | {rF+} (You found it on level 2 of the Lair of Beasts)
 19680 | Lair:4   | Reached ****** piety under Nemelex Xobeh
 19750 | Lair:4   | Received a gift from Nemelex Xobeh
 19881 | Lair:4   | Found a staircase to the Swamp.
 20180 | Lair:4   | You fall into a shaft and drop 1 floor!
 20686 | Lair:5   | Found a staircase to the Slime Pits.
 20686 | Lair:5   | Found a viscous altar of Jiyva.
 20879 | Lair:5   | Received a gift from Nemelex Xobeh
 20929 | Lair:5   | Found a runed translucent gate.
 20929 | Lair:5   | Found a runed translucent gate.
 20929 | Lair:5   | Found a runed translucent gate.
 20930 | Lair:5   | Noticed kae's ghost (journeyman DrTm)
 21092 | Lair:5   | Noticed a bunyip
 21092 | Lair:5   | a death yak changed into a bunyip
 21099 | Lair:5   | Killed a bunyip
 21564 | Lair:5   | Found a snail-covered altar of Cheibriados.
 21649 | Lair:5   | Received a gift from Nemelex Xobeh
 22479 | Lair:6   | Entered Level 6 of the Lair of Beasts
 22516 | Lair:6   | Reached skill level 12 in Invocations
 22516 | Lair:6   | Reached XP level 14. HP: 63/111 MP: 26/26
 22703 | Lair:6   | Received a gift from Nemelex Xobeh
 22743 | Lair:6   | Reached skill level 10 in Maces & Flails
 22743 | Lair:6   | Reached skill level 10 in Dodging
 24356 | Lair:6   | Received a gift from Nemelex Xobeh
 24735 | Lair:6   | Reached skill level 13 in Invocations
 25041 | Lair:6   | Got a clouded jade amulet
 25586 | Orc:1    | Entered Level 1 of the Orcish Mines
 25616 | Orc:2    | Entered Level 2 of the Orcish Mines
 25648 | Orc:2    | Noticed an orc warlord
 26174 | Orc:2    | Noticed an orc warlord
 26584 | Orc:1    | Killed an orc warlord
 26584 | Orc:1    | Reached XP level 15. HP: 65/119 MP: 28/28
 27455 | Orc:2    | Killed an orc warlord
 27967 | Orc:2    | Received a gift from Nemelex Xobeh
 28026 | Orc:2    | Found Iwecunaw's Magic Scroll Shoppe.
 28464 | Orc:2    | Found Palin's Weapon Emporium.
 28464 | Orc:2    | Found Kumir's Magic Scroll Boutique.
 28690 | Orc:2    | Found a roughly hewn altar of Beogh.
 28863 | Orc:2    | Found a staircase to the Elven Halls.
 29125 | Orc:2    | Found Uwaediod's Antique Weapon Emporium.
 29125 | Orc:2    | Found Moxyt's Gadget Boutique.
 29273 | Orc:1    | Received a gift from Nemelex Xobeh
 29275 | Orc:1    | Reached skill level 10 in Short Blades
 29275 | Orc:1    | Reached skill level 10 in Long Blades
 29275 | Orc:1    | Reached skill level 10 in Axes
 29275 | Orc:1    | Reached skill level 10 in Polearms
 29275 | Orc:1    | Reached skill level 10 in Staves
 29275 | Orc:1    | Reached skill level 10 in Slings
 29275 | Orc:1    | Reached skill level 10 in Bows
 29275 | Orc:1    | Reached skill level 10 in Crossbows
 29275 | Orc:1    | Reached skill level 10 in Throwing
 29275 | Orc:1    | Reached skill level 10 in Armour
 29275 | Orc:1    | Reached skill level 10 in Shields
 29275 | Orc:1    | Reached skill level 10 in Unarmed Combat
 29275 | Orc:1    | Reached skill level 10 in Spellcasting
 29275 | Orc:1    | Reached skill level 10 in Evocations
 29457 | Orc:1    | Found a roughly hewn altar of Beogh.
 29720 | Orc:2    | Bought a +3 vorpal broad axe for 391 gold pieces
 29732 | Orc:2    | Bought a scroll of fear for 45 gold pieces
 29732 | Orc:2    | Bought a scroll of fog for 26 gold pieces
 29732 | Orc:2    | Bought a scroll of blinking for 97 gold pieces
 29732 | Orc:2    | Bought a scroll of remove curse for 39 gold pieces
 29732 | Orc:2    | Bought a scroll of amnesia for 45 gold pieces
 29732 | Orc:2    | Bought a scroll of teleportation for 39 gold pieces
 29732 | Orc:2    | Bought a scroll of identify for 26 gold pieces
 29732 | Orc:2    | Bought a scroll of teleportation for 39 gold pieces
 29732 | Orc:2    | Bought a scroll of fog for 26 gold pieces
 29732 | Orc:2    | Bought a scroll of remove curse for 39 gold pieces
 29732 | Orc:2    | Bought a scroll of remove curse for 39 gold pieces
 29732 | Orc:2    | Bought a scroll of noise for 13 gold pieces
 29732 | Orc:2    | Bought a scroll of magic mapping for 45 gold pieces
 29734 | Orc:2    | Identified the amulet "Xecall" {Spirit rF+ Int-2 Dex+2}
                  | (You found it on level 6 of the Lair of Beasts)
 30115 | D:12     | Noticed Urug
 30119 | D:12     | Noticed Urug
 30119 | D:12     | Urug changed into Urug the cyclops
 30121 | D:12     | Killed Urug the cyclops
 30192 | D:12     | Noticed Rupert
 30204 | D:12     | Killed Rupert
 30653 | D:12     | Received a gift from Nemelex Xobeh
 30838 | D:12     | Reached skill level 14 in Invocations
 30842 | D:12     | Found a shimmering blue altar of Sif Muna.
 30879 | D:12     | Noticed Erolcha
 30884 | D:12     | Noticed Erolcha
 30884 | D:12     | Erolcha changed into Erolcha the polar bear
 30888 | D:12     | Killed Erolcha the polar bear
 31305 | D:9      | Bought the cursed +0 pair of boots of Shielding {MR++} for
                  | 253 gold pieces
 31538 | D:13     | Found Vatteom's Antique Armour Shoppe.
 31897 | D:13     | Received a gift from Nemelex Xobeh
 32277 | D:13     | Found a gate to the Vaults.
 32412 | D:13     | Received a gift from Nemelex Xobeh
 32612 | D:14     | Noticed Azrael
 32776 | D:14     | Killed Azrael
 32840 | D:14     | Reached XP level 16. HP: 104/127 MP: 26/30
 33141 | D:14     | Noticed Frances
 33146 | D:14     | Killed Frances
 33225 | D:14     | Noticed Jorgrun
 33237 | D:14     | Killed Jorgrun
 33756 | D:14     | Received a gift from Nemelex Xobeh
 34095 | D:15     | Entered Level 15 of the Dungeon
 34299 | D:15     | Received a gift from Nemelex Xobeh
 34401 | D:15     | Reached skill level 15 in Invocations
 34758 | D:15     | Paralysed by a floating eye for 3 turns
 35179 | D:15     | Found a staircase to the Depths.
 35654 | D:11     | Killed Megustar's ghost
 35953 | Lair:5   | Killed kae's ghost
 36274 | Orc:2    | Bought a scroll of teleportation for 54 gold pieces
 36367 | Swamp:1  | Entered Level 1 of the Swamp
 37153 | Swamp:1  | Received a gift from Nemelex Xobeh
 37866 | Swamp:1  | Reached XP level 17. HP: 126/135 MP: 29/32
 38404 | Swamp:2  | Received a gift from Nemelex Xobeh
 39476 | Swamp:3  | HP: 2/135 [swamp worm[a spriggan druid] (20)]
 40097 | Swamp:3  | Received a gift from Nemelex Xobeh
 40334 | Swamp:3  | Learned a level 3 spell: Frozen Ramparts
 40338 | Swamp:3  | Learned a level 3 spell: Ozocubu's Armour
 40374 | Swamp:4  | Entered Level 4 of the Swamp
 40975 | Swamp:4  | Reached skill level 16 in Invocations
 42518 | Swamp:4  | Reached skill level 10 in Conjurations
 42518 | Swamp:4  | Reached skill level 10 in Hexes
 42518 | Swamp:4  | Reached skill level 10 in Summonings
 42518 | Swamp:4  | Reached skill level 10 in Necromancy
 42518 | Swamp:4  | Reached skill level 10 in Translocations
 42518 | Swamp:4  | Reached skill level 10 in Transmutations
 42518 | Swamp:4  | Reached skill level 10 in Fire Magic
 42518 | Swamp:4  | Reached skill level 10 in Ice Magic
 42518 | Swamp:4  | Reached skill level 10 in Air Magic
 42518 | Swamp:4  | Reached skill level 10 in Earth Magic
 42518 | Swamp:4  | Reached skill level 10 in Poison Magic
 42917 | Swamp:4  | Paralysed by a hornet for 2 turns
 43512 | Swamp:4  | Got a decaying rune of Zot
 43832 | Shoals:1 | Entered Level 1 of the Shoals
 44386 | Shoals:1 | Identified the +2 robe of the Constellations {rPois rF++
                  | rCorr Dex-4} (You found it on level 1 of the Shoals)
 44742 | Shoals:1 | Received a gift from Nemelex Xobeh
 44859 | Lair:2   | Identified the +0 hat of Valiance {Rampage +Blink} (You
                  | found it on level 2 of the Lair of Beasts)
 45055 | Shoals:1 | Noticed Kirke
 45058 | Shoals:1 | Killed Kirke
 45058 | Shoals:1 | Reached XP level 18. HP: 143/143 MP: 33/33
 45615 | Shoals:2 | Received a gift from Nemelex Xobeh
 47601 | Shoals:3 | Received a gift from Nemelex Xobeh
 48020 | Shoals:3 | Found a runed translucent door.
 48396 | Shoals:3 | Acquired a book of Fire
 48459 | Shoals:4 | Entered Level 4 of the Shoals
 49398 | Shoals:4 | Reached skill level 17 in Invocations
 50682 | Shoals:4 | Got a barnacled rune of Zot
 50707 | Shoals:4 | Identified the +4 mace of Woe {flame, Str+3 Dex+4}
 51411 | Shoals:4 | Noticed Ilsuiw
 51663 | Shoals:4 | Reached skill level 15 in Stealth
 51917 | Shoals:3 | Learned a level 2 spell: Ensorcelled Hibernation
 51921 | Shoals:3 | Learned a level 3 spell: Tukima's Dance
 51924 | Shoals:3 | Learned a level 2 spell: Passwall
 51926 | Shoals:3 | Learned a level 1 spell: Corona
 52159 | Shoals:4 | Noticed Ilsuiw
 52159 | Shoals:4 | Ilsuiw changed into Ilsuiw the frost giant
 52460 | Shoals:4 | Killed Ilsuiw the frost giant
 52987 | Shoals:4 | Noticed Polyphemus
 53022 | Shoals:4 | Killed Polyphemus
 53322 | Shoals:4 | Received a gift from Nemelex Xobeh
 53326 | Shoals:4 | Found Cusudets's Gadget Emporium.
 53879 | Shoals:4 | Reached XP level 19. HP: 141/151 MP: 35/35
 54500 | Elf:1    | Entered Level 1 of the Elven Halls
 54507 | Elf:1    | Noticed an Ice Fiend
 55088 | Elf:1    | Received a gift from Nemelex Xobeh
 55654 | Vaults:1 | Entered Level 1 of the Vaults
 55670 | Vaults:1 | Found Synuolij's Armour Shop.
 55675 | Vaults:1 | Bought a +2 buckler for 231 gold pieces
 57171 | Vaults:1 | Received a gift from Nemelex Xobeh
 57463 | Vaults:1 | Acquired 699 gold pieces
 58205 | Vaults:1 | Reached skill level 18 in Invocations
 58642 | Vaults:1 | Received a gift from Nemelex Xobeh
 58798 | Vaults:1 | Identified the +7 arbalest of the Eel {elec, rN+ Str-3
                  | Dex+4} (You found it on level 1 of the Vaults)
 58908 | Vaults:2 | Learned a level 2 spell: Slow
 59665 | Vaults:2 | Reached XP level 20. HP: 77/160 MP: 37/37
 60744 | Vaults:2 | Received a gift from Nemelex Xobeh
 61086 | Vaults:2 | Noticed a bone dragon
 61126 | Vaults:2 | Killed a bone dragon
 61427 | Vaults:2 | Found a staircase to the Crypt.
 61895 | Vaults:3 | Gained mutation: Your magical capacity is low. (-10% MP) [a
                  | neqoxec]
 61902 | Vaults:3 | Noticed an iron giant
 61910 | Vaults:2 | an iron giant changed into a sphinx
 63110 | Vaults:3 | Noticed Diggohao's ghost (adept DrWn)
 63111 | Vaults:3 | Found a runed translucent gate.
 63112 | Vaults:3 | Found a runed translucent gate.
 63113 | Vaults:3 | Found a runed translucent gate.
 64128 | Vaults:3 | Reached skill level 19 in Invocations
 64526 | Vaults:3 | You fall into a shaft and drop 1 floor!
 64651 | Vaults:4 | Received a gift from Nemelex Xobeh
 65030 | Vaults:4 | Reached XP level 21. HP: 43/167 MP: 34/34
 65397 | Vaults:4 | Noticed Mara
 65985 | Vaults:3 | Reached skill level 15 in Fighting
 66670 | Vaults:3 | Found Jususkus's Assorted Antiques.
 66670 | Vaults:3 | Received a gift from Nemelex Xobeh
 66678 | Vaults:3 | Bought 2 potions of heal wounds for 350 gold pieces
 66777 | Vaults:3 | Bought a bubbling blue potion for 31 gold pieces
 66778 | Vaults:3 | Reached XP level 22. HP: 175/175 MP: 35/35
 67314 | Vaults:4 | Noticed tilp's illusion
 67322 | Vaults:4 | Killed Mara
 68339 | Vaults:4 | Found a runed translucent door.
 68345 | Vaults:4 | Noticed Norharag's ghost (adept HuBe)
 68530 | Vaults:4 | Killed Norharag's ghost
 69493 | Elf:1    | Found Ytucho's Distillery.
 69503 | Elf:1    | Received a gift from Nemelex Xobeh
 69524 | Elf:1    | Bought a potion of might for 64 gold pieces
 69524 | Elf:1    | Bought a potion of heal wounds for 80 gold pieces
 69524 | Elf:1    | Bought 2 potions of invisibility for 256 gold pieces
 69524 | Elf:1    | Bought a potion of mutation for 128 gold pieces
 69524 | Elf:1    | Bought a potion of heal wounds for 80 gold pieces
 69524 | Elf:1    | Bought a potion of curing for 48 gold pieces
 69524 | Elf:1    | Bought a potion of curing for 48 gold pieces
 69609 | Elf:1    | Gained mutation: You have a pair of small horns on your
                  | head. [a neqoxec]
 70268 | Elf:1    | Reached skill level 20 in Invocations
 70762 | Elf:1    | Learned a level 4 spell: Cause Fear
 70767 | Elf:1    | Learned a level 4 spell: Petrify
 70853 | Orc:2    | Bought a scroll of enchant armour for 135 gold pieces
 70854 | Orc:2    | Lost mutation: You have a pair of small horns on your head.
                  | [potion of mutation]
 70854 | Orc:2    | Lost mutation: Your magical capacity is low. (-10% MP)
                  | [potion of mutation]
 70854 | Orc:2    | Gained mutation: Scrolls take you a little longer to read.
                  | [potion of mutation]
 70854 | Orc:2    | Gained mutation: You are agile. (Dex +2) [potion of
                  | mutation]
 70855 | Orc:2    | Lost mutation: Scrolls take you a little longer to read.
                  | [potion of mutation]
 70855 | Orc:2    | Lost mutation: You are agile. (Dex +2) [potion of mutation]
 70855 | Orc:2    | Gained mutation: You are somewhat resistant to further
                  | mutation. [potion of mutation]
 71022 | Elf:2    | Received a gift from Nemelex Xobeh
 71226 | Elf:2    | Found a frozen archway.
 71287 | IceCv    | Entered an ice cave
 72268 | Elf:2    | Found a runed translucent gate.
 72268 | Elf:2    | Found a runed translucent gate.
 72268 | Elf:2    | Found a runed translucent gate.
 72395 | Elf:2    | Identified the Collected Works on Unholy Displacement
 72409 | Elf:2    | Reached skill level 15 in Maces & Flails
 72409 | Elf:2    | Reached skill level 15 in Dodging
 72410 | Elf:2    | Received a gift from Nemelex Xobeh
 72420 | Elf:2    | Learned a level 3 spell: Lesser Beckoning
 72711 | Elf:3    | Entered Level 3 of the Elven Halls
 72727 | Elf:3    | Reached XP level 23. HP: 176/182 MP: 41/41
 73026 | Elf:3    | Found Ifuari's Assorted Antiques.
 73035 | Elf:3    | Bought a scroll of magic mapping for 129 gold pieces
 73035 | Elf:3    | Bought a potion of curing for 111 gold pieces
 73035 | Elf:3    | Bought a pair of glowing boots for 277 gold pieces
 74877 | Elf:3    | Identified the +5 great mace of Ihiori {vamp, Int+2 SInv}
 74877 | Elf:3    | Identified the ring "Iheabial" {Fire Str+4 Dex+2}
 74936 | Elf:3    | Identified the +8 flail of Generosity {elec, rElec Str+4
                  | Dex-3}
 74936 | Elf:3    | Identified the cursed +0 chain mail of Depression {+Blink
                  | Dex+4 Stlth+}
 74936 | Elf:3    | Identified the ring "Rumenula" {rC+ Int+3 SInv}
 75226 | Elf:3    | Identified the +8 broad axe of Xonlanka {vorpal, *Slow
                  | rElec rPois}
 75240 | Elf:3    | Killed from afar by a deep elf sorcerer

Illustrated notes

Levels and vault maps discovered:
D:1:      sevenhm_arrival_forest_fort_large_2, layout_loops_ring,
          minmay_pentomino_q4
D:2:      layout_loops_ring, nicolae_overflow_crystal_walls, minmay_door_square,
          minmay_diced_spiral
D:3:      layout_rooms, dancing_weapons_uskayaw,
          chequers_temple_overflow_statue_of_worship, okawaru_altar_gauntlet_db,
          uniq_natasha
D:4:      layout_cave_pools, nicolae_tso_carved_into_rock,
          minmay_temple_entry_nine_rooms
D:5:      layout_loops_cross, old_standard_altar, uniq_duvessa
D:6:      layout_basic, doesnt_xom_only_xom, uniq_prince_ribbit1, uniq_maggie,
          uniq_grinder
D:7:      minmay_the_grid_triangle_9x9_rhombus_thin
          [minmay_the_grid_triangle_9x9_pentomino_pain,
          minmay_the_grid_triangle_9x9_prize_top_heavy,
          minmay_the_grid_triangle_9x9_stretched_checkered,
          minmay_the_grid_triangle_9x9_tough_junction], layout_rooms,
          vehumet_statue, uniq_harold, uniq_menkaure
D:8:      layout_layer_cave, lemuel_doored_altar, serial_shops, shop_coins
D:9:      layout_basic, overflow_temple_1_default, serial_shops, shop,
          serial_rivers, chequers_serial_rivers_large_a,
          chequers_serial_rivers_room_a, chequers_serial_rivers_micro_d,
          chequers_serial_rivers_room_a, hangedman_weighted_door
D:10:     layout_loops_ring, grunt_tough_drop
D:11:     layout_irregular_city, grunt_lair_entry_orc_guard_hut, orc_0_dummy,
          gammafunk_ghost_wrathful_warriors, serial_shops, shop,
          minmay_misc_feat_four_crosses, uniq_josephine
D:12:     kennysheep_room_grid, layout_gridville, basic_altar,
          eino_tiny_chamber, grunt_decor_one_mirror, uniq_urug, uniq_rupert,
          uniq_erolcha
D:13:     layout_irregular_city, david_vaults_4, serial_shops,
          kennysheep_mini_moat, st_stairs_9, hangedman_fish_farm
D:14:     layout_gridville, serial_bayou_lagoon_a, uniq_azrael, uniq_frances,
          uniq_jorgrun
D:15:     gammafunk_enter_depths_forms, layout_cave_pools, bh_walls_and_bars,
          minmay_misc_feat_room
Temple:   cyrus_temple_forest
Lair:1:   layout_gridlike, uniq_nergalle
Lair:2:   wander_river, layout_gridlike, grunt_megastairs_2
Lair:3:   layout_cave_pods, elwin_shoals_entry_rocks, grunt_megastairs_3,
          serial_bayou_shore_a
Lair:4:   layout_regular_city, skrybe_swamp_entry_bodies
Lair:5:   layout_cave_pods, slime_altar_1, gammafunk_ghost_hydra_chop,
          kennysheep_snail_temple
Lair:6:   grunt_lair_end_beastmaster, layout_regular_city, patterned_corridor
Swamp:1:  layout_basic_swamp, evilmike_swamp_ruin_house_5, grunt_witch_cave
Swamp:2:  layout_falls_marsh, evilmike_swamp_ruin_house_1
Swamp:3:  layout_basic_swamp, evilmike_swamp_ruin_wall
Swamp:4:  swamp_basic_johnstein, layout_basic_swamp, swamp_pool3,
          nicolae_swamp_little_tower, infiniplex_staircase_pool
Shoals:1: layout_shoals, nicolae_shoals_undead_eyrie, uniq_kirke
Shoals:2: layout_shoals, nicolae_shoals_isolated_beach
Shoals:3: layout_shoals, lightli_airlock
Shoals:4: shoals_end_grunt_ice, layout_shoals, shoals_ilsuiw_alternative,
          serial_shops, nicolae_shop_crystal, uniq_polyphemus
Orc:1:    layout_caves, mines2_david
Orc:2:    st_orc_town, layout_caves, serial_shops, nicolae_shop_crystal
Elf:1:    eino_elf_arrival_sip, layout_loops_corners, serial_shops, shop,
          hangedman_elf_disciples, minmay_misc_feat_columns, st_stairs_6,
          nicolae_elf_big_sculpture_1
Elf:2:    layout_geoelf_octagon, portal_ice_cave_entry_frozen_things,
          serial_glass, glass_columns_a, glass_columns_c, glass_columns_a,
          glass_columns_a, glass_columns_b
Elf:3:    elf_hall, layout_loops_cross, serial_shops, nicolae_shop_trees
Vaults:1: ontoclasm_vaults_chip, hangedman_vaults_variations,
          nicolae_vaults_yaktaur_gun_rack, grunt_vaults_focal,
          vaults_room_grunt_arrival_ludios, v_pattern_2, v_misc_17,
          vaults_room_door_ring, vaults_standard_mumra_enter_the_diamond,
          nicolae_vaults_little_ls, nicolae_vaults_little_squares_2,
          ontoclasm_vaults_ring_square, nicolae_vaults_diagonal_hallway_7,
          layout_vaults_omnicross, serial_shops, shop
Vaults:2: ontoclasm_vaults_ring_square, minmay_crypt_entry_nasty_monster,
          vaults_standard_mumra_x, nicolae_vaults_network_quinsquares
          [nicolae_vaults_network_quincunx_subvault,
          nicolae_vaults_network_quincunx_subvault,
          nicolae_vaults_network_quincunx_subvault,
          nicolae_vaults_network_quincunx_subvault], v_misc_31,
          vaults_dpeg_hooks, nicolae_vaults_windows_and_doors_thing,
          nicolae_vaults_back_hallway, hangedman_vaults_stretched_pinwheel,
          nicolae_vaults_meeting, hangedman_vaults_trim,
          ontoclasm_vaults_decontamination, ontoclasm_vaults_twist,
          layout_vaults_omnibox
Vaults:3: gammafunk_vaults_ghost_necromancy, nicolae_vaults_diagonal_hallway_6,
          hangedman_vaults_stretched_pinwheel, v_misc_10, v_misc_33,
          hangedman_vaults_snaps, vaults_mumra_minichess_inversion,
          grunt_vaults_hallway_long, ontoclasm_vaults_ligature,
          nicolae_vaults_asterisk, nicolae_vaults_three_branches,
          vaults_dpeg_spiral, vaults_room_door_ring, hangedman_vaults_unwind,
          layout_vaults_maze, serial_shops, shop
Vaults:4: gammafunk_vaults_ghost_grave, v_misc_27,
          nicolae_vaults_mini_display_case, v_pattern_4,
          nicolae_vaults_little_squares_2, nicolae_vaults_what_the_h,
          vaults_mumra_minichess, nicolae_vaults_network_star,
          vaults_mumra_chevron, nicolae_vaults_little_squares_4,
          vaults_room_semicircle, vaults_dpeg_ring,
          nicolae_vaults_diagonal_hallway_6, layout_vaults_big_room,
          portal_desolation_entry_ruin, uniq_mara

Skill      XL: |  1  2  3  4  5  6  7  8  9 10 11 12 13 14 15 16 17 18 19 20 21 22 |
---------------+-------------------------------------------------------------------+-----
Stealth        | 10 11 12 13 14 15 16 | 16.8
Invocations    | 1 2 3 4 5 7 9 10 12 13 14 15 16 17 18 19 20 | 20.6
Short Blades   | 1 2 3 4 5 6 7 8 9 10 11 12 13 14 | 14.6
Long Blades    | 1 2 3 4 5 6 7 8 9 10 11 12 13 14 | 14.6
Axes           | 1 2 3 4 5 6 7 8 9 10 11 12 13 14 | 14.6
Polearms       | 1 2 3 4 5 6 7 8 9 10 11 12 13 14 | 14.6
Staves         | 1 2 3 4 5 6 7 8 9 10 11 12 13 14 | 14.6
Slings         | 1 2 3 4 5 6 7 8 9 10 11 12 13 14 | 14.6
Bows           | 1 2 3 4 5 6 7 8 9 10 11 12 13 14 | 14.6
Crossbows      | 1 2 3 4 5 6 7 8 9 10 11 12 13 14 | 14.6
Throwing       | 1 2 3 4 5 6 7 8 9 10 11 12 13 14 | 14.6
Armour         | 1 2 3 4 5 6 7 8 9 10 11 12 13 14 | 14.6
Shields        | 1 2 3 4 5 6 7 8 9 10 11 12 13 14 | 14.6
Unarmed Combat | 1 2 3 4 5 6 7 8 9 10 11 12 13 14 | 14.6
Spellcasting   | 1 2 3 4 5 6 7 8 9 10 11 12 13 14 | 14.6
Evocations     | 1 2 3 4 5 6 7 8 9 10 11 12 13 14 | 14.6
Conjurations   | 1 2 3 4 5 6 7 8 9 10 11 12 | 12.6
Hexes          | 1 2 3 4 5 6 7 8 9 10 11 12 | 12.6
Summonings     | 1 2 3 4 5 6 7 8 9 10 11 12 | 12.6
Necromancy     | 1 2 3 4 5 6 7 8 9 10 11 12 | 12.6
Translocations | 1 2 3 4 5 6 7 8 9 10 11 12 | 12.6
Transmutations | 1 2 3 4 5 6 7 8 9 10 11 12 | 12.6
Fire Magic     | 1 2 3 4 5 6 7 8 9 10 11 12 | 12.6
Ice Magic      | 1 2 3 4 5 6 7 8 9 10 11 12 | 12.6
Air Magic      | 1 2 3 4 5 6 7 8 9 10 11 12 | 12.6
Earth Magic    | 1 2 3 4 5 6 7 8 9 10 11 12 | 12.6
Poison Magic   | 1 2 3 4 5 6 7 8 9 10 11 12 | 12.6
Maces & Flails | 5 6 7 8 9 10 11 12 13 14 15 | 15.2
Dodging        | 5 6 7 8 9 10 11 12 13 14 15 | 15.2
Fighting       | 7 8 9 10 11 12 13 14 15 | 15.7

Action                   |  1- 3 |  4- 6 |  7- 9 | 10-12 | 13-15 | 16-18 | 19-21 | 22-24 || total
-------------------------+-------+-------+-------+-------+-------+-------+-------+-------++-------
Melee: Mace              |    94 |   257 |       |       |       |       |       |       ||   351
       Bite              |     8 |    24 |    43 |    98 |   163 |   238 |   225 |   112 ||   911
       War axe           |       |     4 |   127 |   125 |   890 |       |       |       ||  1146
       Punch             |       |       |     9 |     5 |       |       |       |       ||    14
       Long sword        |       |       |   193 |   545 |       |       |       |       ||   738
       Broad axe         |       |       |       |       |   273 |  1328 |  1111 |   641 ||  3353
       Headbutt          |       |       |       |       |       |       |       |    17 ||    17
Throw: Stone             |     2 |       |       |       |       |       |       |       ||     2
       Dart              |       |    21 |    51 |    43 |     3 |    16 |       |       ||   134
       Boomerang         |       |       |    19 |     1 |       |       |       |       ||    20
       Javelin           |       |       |       |       |       |     1 |     3 |     5 ||     9
 Cast: Petrify           |       |       |       |       |       |       |       |     1 ||     1
Invok: Draw Destruction  |       |       |     7 |    29 |    46 |    46 |    22 |     8 ||   158
       Draw Summoning    |       |       |     1 |     3 |     8 |    16 |     6 |     4 ||    38
       Draw Escape       |       |       |       |     1 |     1 |     1 |     1 |       ||     4
       Deal Four         |       |       |       |       |     1 |       |       |       ||     1
 Abil: Evoke Flight      |       |       |       |       |       |     1 |       |       ||     1
Evoke: Lightning rod     |       |       |       |     2 |       |       |       |       ||     2
       Wand              |       |       |       |     1 |       |     8 |     2 |       ||    11
       Tin of tremorston |       |       |       |       |       |     2 |       |       ||     2
  Use: Scroll            |     1 |     7 |     7 |    13 |    16 |    12 |     9 |     9 ||    74
       Potion            |       |       |     2 |     1 |     1 |     9 |     6 |     3 ||    22
 Stab: Sleeping          |       |     2 |     2 |     7 |    15 |     8 |     4 |    21 ||    59
       Distracted        |       |       |     1 |     1 |     4 |     7 |     4 |     5 ||    22
       Confused          |       |       |       |       |     1 |     1 |       |       ||     2
       Petrified         |       |       |       |       |       |       |     2 |       ||     2
       Fleeing           |       |       |       |       |       |       |     2 |       ||     2
Armor: Leather armour    |     7 |       |       |       |       |       |       |       ||     7
       Chain mail        |    48 |   215 |   193 |   372 |    22 |       |       |       ||   850
       Plate armour      |       |       |       |       |   559 |  1063 |   409 |    32 ||  2063
       Fire dragon scale |       |       |       |       |       |       |       |   117 ||   117
Dodge: Dodged            |    38 |   141 |   175 |   364 |   776 |  1055 |   404 |   209 ||  3162
Block: Buckler           |       |       |       |   164 |   435 |   788 |   236 |       ||  1623
       Reflection        |       |       |       |       |       |    41 |    83 |   100 ||   224
       Kite shield       |       |       |       |       |       |       |   536 |    42 ||   578
       Tower shield      |       |       |       |       |       |       |   179 |   626 ||   805
       Rpst.: Long sword |       |       |    33 |    82 |       |       |       |       ||   115

Table legend: (Time is in decaauts)
 A = Elapsed time spent in this place.
 B = Non-inter-level travel time spent in this place.
 C = Inter-level travel time spent in this place.
 D = Time resting spent in this place.
 E = Time spent auto-exploring this place.
 F = Levels seen in this place.
 G = Mean time per level.
                   A        B        C        D        E       F      G
               +--------+--------+--------+--------+--------+-----+--------+
         Total |  76707 |  71304 |   5403 |  29890 |  27712 |  40 | 1917.7 |
       Dungeon |  22256 |  19739 |   2517 |   4847 |  10594 |  15 | 1483.7 |
        Temple |      1 |      1 |      0 |      0 |      0 |   1 |    1.0 |
          Lair |  12126 |  11305 |    821 |   4406 |   5344 |   6 | 2021.0 |
         Swamp |   7469 |   7291 |    178 |   3882 |   2266 |   4 | 1867.2 |
        Shoals |  10566 |  10169 |    397 |   5511 |   2733 |   4 | 2641.5 |
  Orcish Mines |   4860 |   4322 |    538 |   2576 |    947 |   2 | 2430.0 |
   Elven Halls |   5983 |   5760 |    223 |   2341 |   2269 |   3 | 1994.3 |
        Vaults |  12782 |  12057 |    725 |   6054 |   3426 |   4 | 3195.5 |
      Ice Cave |    659 |    659 |      0 |    271 |    131 |   1 |  659.0 |
               +--------+--------+--------+--------+--------+-----+--------+

Top non-repeatable levels by time:
Vaults:2: 4305 daAuts
Shoals:4: 3614 daAuts
Shoals:3: 3434 daAuts
Vaults:1: 2877 daAuts
Vaults:4: 2837 daAuts
 Swamp:4: 2797 daAuts
Vaults:3: 2761 daAuts
   Orc:2: 2528 daAuts
  Lair:5: 2507 daAuts
  Lair:3: 2395 daAuts
  Lair:6: 2373 daAuts
   Orc:1: 2332 daAuts
   Elf:1: 2311 daAuts
  Lair:1: 2124 daAuts
     D:8: 2101 daAuts
